 Dungeon Crawl Stone Soup version 0.30-a0-883-g5ad918d77d (webtiles) character file.

Game seed: 14590706600257547175

441 hikkokomori the Ducker (level 7, -3/54 HPs)
             Began as a Merfolk Gladiator on Mar 18, 2023.
             Slain by Duvessa
             ... wielding a +2 short sword of flaming
              (6 damage)
             ... on level 4 of the Dungeon.
             The game lasted 00:07:14 (3540 turns).

hikkokomori the Ducker (Merfolk Gladiator)          Turns: 3540, Time: 00:07:16

Health: -3/54      AC: 12    Str: 14    XL:     7   Next: 2%
Magic:  7/7        EV: 14    Int:  8    God:
Gold:   155        SH:  0    Dex: 17    Spells: 2/6 levels left

rFire   + . .      SeeInvis +    a - +1 long sword
rCold   . . .      Faith    .    (no shield)
rNeg    . . .      Spirit   .    x - +3 leather armour {rF+}
rPois   .          Reflect  .    c - +0 helmet
rElec   .          Rampage  .    o - +0 cloak
rCorr   .                        (no gloves)
Will    .....                    (no boots)
Stlth   ++                       (no amulet)
HPRegen 0.29/turn                q - +4 ring of protection
MPRegen 0.10/turn                r - ring of see invisible

@: no status effects
A: (nimble swimmer 2), mertail
a: no special abilities


You were on level 4 of the Dungeon.
You visited 1 branch of the dungeon, and saw 4 of its levels.

You collected 155 gold pieces.

Inventory:

Hand Weapons
 a - a +1 long sword (weapon)
 s - a +0 dagger of electrocution
Missiles
 e - a javelin (quivered)
Armour
 b - a +0 leather armour
 c - a +0 helmet (worn)
 o - a +0 cloak (worn)
 u - a +1 robe of fire resistance
 x - a +3 leather armour of fire resistance (worn)
Jewellery
 q - a +4 ring of protection (left hand)
 r - a ring of see invisible (right hand)
Wands
 h - a wand of charming (4)
Scrolls
 g - 3 scrolls of teleportation {unknown}
 i - a scroll of silence {unknown}
 j - a scroll of poison
 m - 2 scrolls of immolation
 n - a scroll of magic mapping {unknown}
 p - a scroll of fear
 y - a scroll of enchant weapon
Potions
 f - 2 potions of curing
 k - a potion of attraction
 t - a potion of heal wounds {unknown}
 z - a potion of resistance


   Skills:
 + Level 4.1 Fighting
 + Level 5.2 Long Blades
 - Level 2.0 Throwing
 + Level 5.9 Dodging
 + Level 3.5 Stealth
 + Level 1.3 Summonings
 + Level 1.6 Ice Magic


You had 2 spell levels left.
You knew the following spells:

 Your Spells              Type           Power      Damage    Failure   Level
a - Summon Ice Beast      Ice/Summ       2%         N/A       96%         4

Your spell library contained the following spells:

 Spells                   Type           Power      Damage    Failure   Level
 Slow                     Hex            0%         N/A       50%         1
 Cigotuvi's Dreadful Rot  Necr/Pois/Air  0%         N/A       63%         2
 Poisonous Vapours        Pois/Air       0%         N/A       63%         2
 Static Discharge         Conj/Air       0%         2-2/arc   63%         2
 Frozen Ramparts          Ice            4%         1d1       65%         3
 Confusing Touch          Hex            0%         N/A       86%         3
 Mephitic Cloud           Conj/Pois/Air  0%         N/A       86%         3
 Vampiric Draining        Necr           0%         2d6       86%         3
 Vhi's Electric Charge    Tloc/Air       0%         N/A       86%         3
 Ice Form                 Ice/Tmut       1%         N/A       99%         4
 Arcjolt                  Conj/Air       0%         1d10      100%        5
 Lightning Bolt           Conj/Air       0%         1d11      100%        5


Dungeon Overview and Level Annotations

Branches:
Dungeon (4/15)
 Temple: D:4-7

Altars:
Ru
The Shining One

Annotations:
D:4 Duvessa


Innate Abilities, Weirdness & Mutations

((You are very nimble when in or above water. (Stealth+, EV+, Speed+++)))
Your lower body shifts to a powerful aquatic tail in water.


Message History

You hit Duvessa.
Duvessa is severely wounded.
Duvessa hits you with a +2 short sword of flaming!
* * * LOW HITPOINT WARNING * * *
Duvessa burns you.
* * * LOW HITPOINT WARNING * * *
Duvessa hits you with a +2 short sword of flaming.
* * * LOW HITPOINT WARNING * * *
Blink to where?
Press: ? - help, Dir - move target, p - Duvessa
As you read the scroll of blinking, it crumbles to dust.
Throw: 2 darts (poison)
Press: ? - help, Shift-Dir - straight line, f - Duvessa
Aim: Duvessa, wielding a +2 short sword of flaming and wearing a +0 leather armour (severely wounded, berserk, 66% to hit)
You throw a poisoned dart.
The poisoned dart closely misses Duvessa.
Throw: dart (poison)
Press: ? - help, Shift-Dir - straight line, f/p - Duvessa
Aim: Duvessa, wielding a +2 short sword of flaming and wearing a +0 leather armour (severely wounded, berserk, 66% to hit)
You throw a poisoned dart. The poisoned dart hits Duvessa.
Duvessa is poisoned.
Duvessa is severely wounded.
You don't have any such object.
Fire/throw/use which item? ([*] to toss any item) (? for menu, Esc to quit)
Okay, then.
Aiming: Iceblast
Press: ? - help, Shift-Dir - straight line, f/p - Duvessa
Aim: Duvessa, wielding a +2 short sword of flaming and wearing a +0 leather armour (severely wounded, berserk, poisoned)
The mass of ice explodes!
The iceblast engulfs Duvessa!
Duvessa is almost dead.
The now-empty wand crumbles to dust.
Okay, then.
It was a potion of curing.
You feel better.
You hit Duvessa but do no damage.
Duvessa is almost dead.
Duvessa hits you with a +2 short sword of flaming!
* * * LOW HITPOINT WARNING * * *
Duvessa burns you.
* * * LOW HITPOINT WARNING * * *
Duvessa hits you with a +2 short sword of flaming.
You die...

.#....#.').........#...#....###.
...#.##)##.#.....##..(..........#
..####.).####....##.........####.
.##!.......)##.####.(....##.# #.
..####...####..#.........##.# #.
...#.##.##.#...#.........##.# #.
†.....#.#..W...#...########.# #.
.....##[##.###.#e..###### #.# #.
......###..# #.#@..#....# #.# ##
.......#..####.#...#....# #.# #
.........## #......#....# #)# #
########## #......#....# #.#####
#......#....# #.....#
#......#....###.###.#
#......#........# #.#
#......###......# #.#
######..........# #.#


You could see Duvessa (berserk, poisoned).

Vanquished Creatures
  A phantom (D:4)
  Dowan (D:4)
  An orc priest (D:4)
  Ijyb (D:4)
  5 orc wizards
  Natasha (D:4)
  2 adders
  3 dart slugs
  13 orcs
  5 endoplasms
  A giant cockroach (D:1)
  A goblin (D:1)
  5 hobgoblins
  A jackal (D:4)
  6 kobolds
  6 quokkas
  8 ball pythons
  6 bats
  4 frilled lizards
  9 rats
80 creatures vanquished.

Vanquished Creatures (others)
  A fungus (D:1)
1 creature vanquished.

Grand Total: 81 creatures vanquished

Notes
Turn   | Place    | Note
-------+----------+-------------------------------------------
     0 | D:1      | hikkokomori the Merfolk Gladiator began the quest for the
                  | Orb.
     0 | D:1      | Reached XP level 1. HP: 16/16 MP: 1/1
    99 | D:1      | Found a faded altar of an unknown god.
   238 | D:1      | Reached XP level 2. HP: 23/23 MP: 2/2
   430 | D:1      | Reached skill level 1 in Stealth
  1445 | D:2      | Reached XP level 3. HP: 28/28 MP: 3/3
  1482 | D:2      | Found a sacrificial altar of Ru.
  2015 | D:2      | Reached XP level 4. HP: 23/35 MP: 4/4
  2275 | D:3      | Reached skill level 5 in Dodging
  2303 | D:3      | Reached XP level 5. HP: 37/41 MP: 5/5
  2867 | D:3      | Found a glowing golden altar of the Shining One.
  2936 | D:3      | Learned a level 4 spell: Summon Ice Beast
  3064 | D:4      | Noticed a phantom
  3108 | D:4      | Killed a phantom
  3109 | D:4      | Reached skill level 5 in Long Blades
  3109 | D:4      | Reached XP level 6. HP: 36/48 MP: 6/6
  3170 | D:4      | Noticed Ijyb
  3217 | D:4      | Killed Ijyb
  3218 | D:4      | Reached skill level 1 in Ice Magic
  3302 | D:4      | Reached skill level 1 in Summonings
  3364 | D:4      | Noticed Dowan
  3375 | D:4      | Killed Dowan
  3465 | D:4      | Noticed Natasha
  3476 | D:4      | Killed Natasha
  3477 | D:4      | Reached XP level 7. HP: 48/54 MP: 7/7
  3521 | D:4      | Noticed Duvessa
  3540 | D:4      | Slain by Duvessa

Illustrated notes

Levels and vault maps discovered:
D:1:      mrwooster_arrival_statue_2, layout_basic,
          shapermc_ecumenical_altar_ellora
D:2:      layout_loops_corners, basic_altar, serial_co_window_serial,
          co_window_of_opportunity_a, co_window_paths_b, co_window_paths_a,
          co_window_paths_a, co_window_corner_a, co_window_paths_a,
          co_window_paths_b, co_window_broadway_c, co_window_paths_c,
          co_window_2corner, co_window_4corner_a, co_window_4corner_b
D:3:      layout_basic, mainiacjoe_overflow_alcove_1, amcnicky_mini_pool_small
D:4:      layout_basic, minmay_fractal_squares_gapless_5, uniq_ijyb,
          uniq_duvessa, uniq_natasha

Skill      XL: |  1  2  3  4  5  6 |
---------------+-------------------+-----
Stealth        | 1 2 3 |  3.5
Long Blades    | 4 5 |  5.2
Fighting       | 3 4 |  4.1
Dodging        | 5 |  5.9
Ice Magic      | 1 |  1.6
Summonings     | 1 |  1.3
Throwing       | |  2.0

Action                     |  1- 3 |  4- 6 |  7- 9 || total
---------------------------+-------+-------+-------++-------
  Melee: Long sword        |    81 |   197 |     8 ||   286
         Punch             |       |     2 |     2 ||     4
  Throw: Throwing net      |       |     1 |     3 ||     4
         Dart              |       |       |     3 ||     3
  Evoke: Wand              |       |       |     2 ||     2
    Use: Scroll            |     3 |     6 |     1 ||    10
         Potion            |       |       |     1 ||     1
   Stab: Sleeping          |     4 |     6 |       ||    10
         Held in net/web   |       |       |     1 ||     1
 Armour: Leather armour    |    35 |    49 |     1 ||    85
         Robe              |       |    26 |       ||    26
  Dodge: Dodged            |    46 |   131 |       ||   177

Table legend: (Time is in decaauts)
 A = Elapsed time spent in this place.
 B = Non-inter-level travel time spent in this place.
 C = Inter-level travel time spent in this place.
 D = Time resting spent in this place.
 E = Time spent auto-exploring this place.
 F = Levels seen in this place.
 G = Mean time per level.
                   A        B        C        D        E       F      G
               +--------+--------+--------+--------+--------+-----+--------+
         Total |   3588 |   3411 |    177 |    231 |   2422 |   4 |  897.0 |
       Dungeon |   3588 |   3411 |    177 |    231 |   2422 |   4 |  897.0 |
               +--------+--------+--------+--------+--------+-----+--------+

Top non-repeatable levels by time:
     D:2: 1411 daAuts
     D:1: 794 daAuts
     D:3: 770 daAuts
     D:4: 611 daAuts
